 Dungeon Crawl Stone Soup version 0.29-a0-1008-g949cc1d0fb (webtiles) character file.

Game seed: 1138174717152688654

119 concernfroge the Trooper (level 4, -2/39 HPs)
             Began as a Mummy Monk on Aug 7, 2022.
             Slain by Grinder (7 damage)
             ... while paralysed by Grinder
             ... on level 3 of the Dungeon.
             The game lasted 00:07:21 (3231 turns).

concernfroge the Trooper (Mummy Monk)               Turns: 3231, Time: 00:07:22

Health: -2/39      AC:  5    Str: 16    XL:     4   Next: 73%
Magic:  4/4        EV:  2    Int:  9    God:
Gold:   185        SH:  0    Dex: 14    Spells: 3/3 levels left

rFire   x . .      SeeInvis .   a - +0 spear
rCold   + . .      Faith    .   (no shield)
rNeg    + + +      Spirit   .   d - +0 ring mail
rPois   ∞          Reflect  .   (no helmet)
rElec   .          Harm     .   (no cloak)
rCorr   .          Rampage  .   (no gloves)
Will    .....                   (no boots)
Stlth   +.........              (no amulet)
HPRegen 0.13/turn               (no ring)
MPRegen 0.09/turn               (no ring)

@: paralysed
A: cold resistance 1, negative energy resistance 3, torment resistance 2, heat
vulnerability 1, in touch with death 1, no potions
a: no special abilities


You were on level 3 of the Dungeon.
You visited 1 branch of the dungeon, and saw 3 of its levels.

You collected 185 gold pieces.

Inventory:

Hand Weapons
 a - a +0 spear (weapon)
Armour
 d - a +0 ring mail (worn)
Scrolls
 b - 2 scrolls of vulnerability
 f - a scroll of enchant armour


   Skills:
 + Level 5.5 Fighting
 - Level 2.4 Polearms
 - Level 2.4 Dodging
 - Level 1.5 Stealth


You had 3 spell levels left.
You didn't know any spells.
Your spell library contained the following spells:

 Spells                   Type           Power      Damage    Failure   Level
 Apportation              Tloc           0%         N/A       61%         1
 Sandblast                Erth           0%         2d4       61%         1
 Sting                    Tmut/Pois      0%         1d3       61%         1
 Passwall                 Tmut/Erth      0%         N/A       75%         2
 Stone Arrow              Conj/Erth      0%         3d7       93%         3
 Alistair's Intoxication  Tmut/Pois      0%         N/A       100%        5
 Eringya's Noxious Bog    Tmut/Pois      0%         N/A       100%        6
 Summon Cactus Giant      Summ           0%         N/A       100%        6


Dungeon Overview and Level Annotations

Branches:
Dungeon (3/15)

Altars:

Annotations:
D:2 Crazy Yiuf
D:3 Grinder


Innate Abilities, Weirdness & Mutations

You are immune to poison.
Your flesh is cold resistant. (rC+)
You are immune to negative energy. (rN+++)
You are immune to unholy pain and torment.
You are vulnerable to heat. (rF-)
You are in touch with the powers of death.
You do not drink.


Message History

The ball python closely misses you.
You hit the ball python.
You kill the ball python!
Grinder says, "Mostly I couldn't keep them alive."
You hit the dart slug.
The dart slug is lightly wounded.
Grinder blinks!
You hit the dart slug.
The dart slug is moderately wounded.
The dart slug launches a dart at you. The slug dart misses you.
The slug dart hits Grinder.
Grinder hits you.
You hit the dart slug.
The dart slug is heavily wounded.
Grinder hits you. The dart slug launches a dart at you.
The slug dart misses you.
The slug dart hits Grinder.
You hit the dart slug.
The dart slug is almost dead.
Grinder hits you!
* * * LOW HITPOINT WARNING * * *
You hit the dart slug.
You kill the dart slug!
Grinder hits you but does no damage.
A ball python comes into view.
Grinder says, "FISH!"
The ball python moves out of view.
You see here a dart slug corpse.
Found 11 gold pieces.
Grinder attacks as you move away! Grinder barely misses you.
The rat closely misses you.
You hit the rat.
The rat is heavily wounded.
The rat bites you.
* * * LOW HITPOINT WARNING * * *
Grinder gestures at you.
You suddenly lose the ability to move!
The rat bites you but does no damage.
Grinder says, "Just stop there for a second..."
Grinder hits you!
You die...

...5..#. #... ......#.
.... #..K. #...
..##...#####. #...
......## #K #....
###..#.....####
##.$..###...............
..........##..#..####...
#r@5##..##..# ####
#......###..#######
#.....†............
#...###############
#####


You could see Grinder and a rat.

Vanquished Creatures
  4 adders
  A worm (D:2)
  3 dart slugs
  An orc (D:3)
  2 endoplasms (D:2)
  3 giant cockroaches
  5 goblins
  6 hobgoblins
  9 jackals
  4 quokkas
  8 ball pythons
  7 bats
  2 frilled lizards (D:1)
  7 kobolds
  3 rats
65 creatures vanquished.

Notes
Turn   | Place    | Note
-------+----------+-------------------------------------------
     0 | D:1      | concernfroge the Mummy Monk began the quest for the Orb.
     0 | D:1      | Reached XP level 1. HP: 18/18 MP: 1/1
   241 | D:1      | Reached XP level 2. HP: 16/24 MP: 2/2
   885 | D:1      | Reached skill level 4 in Fighting
  1008 | D:1      | Gained mutation: You are in touch with the powers of death.
                  | [Mummy growth]
  1008 | D:1      | Reached XP level 3. HP: 27/30 MP: 3/3
  1047 | D:1      | Got Jagaox's Folio of the Shifting Swarm
  1874 | D:2      | Found a faded altar of an unknown god.
  1987 | D:2      | Found a runed translucent door.
  1988 | D:2      | Noticed Crazy Yiuf
  2108 | D:2      | Reached skill level 5 in Fighting
  2108 | D:2      | Reached XP level 4. HP: 30/39 MP: 4/4
  2877 | D:3      | Noticed Grinder
  3195 | D:3      | Paralysed by Grinder for 2 turns
  3230 | D:3      | Paralysed by Grinder for 3 turns
  3231 | D:3      | Slain by Grinder

Illustrated notes

Levels and vault maps discovered:
D:1:      saegor_arrival_simple_a, layout_basic, minmay_quantized
D:2:      layout_basic, chequers_ecumenical_altar_grove,
          guppyfry_early_lair_pool, uniq_crazy_yiuf_cottage
D:3:      layout_rooms, grunt_decor_cap, uniq_grinder

Skill      XL: |  1  2  3 |
---------------+----------+-----
Fighting       | 4 5 |  5.5
Polearms       | |  2.4
Dodging        | |  2.4
Stealth        | |  1.5

Action                   |  1- 3 |  4- 6 || total
-------------------------+-------+-------++-------
Melee: Spear             |   198 |   118 ||   316
       Punch             |     1 |     1 ||     2
Throw: Dart              |     2 |     9 ||    11
  Use: Scroll            |       |     7 ||     7
 Stab: Sleeping          |     5 |       ||     5
Armor: Robe              |    12 |       ||    12
       Ring mail         |    45 |    37 ||    82
Dodge: Dodged            |    90 |    82 ||   172

Table legend: (Time is in decaauts)
 A = Elapsed time spent in this place.
 B = Non-inter-level travel time spent in this place.
 C = Inter-level travel time spent in this place.
 D = Time resting spent in this place.
 E = Time spent auto-exploring this place.
 F = Levels seen in this place.
 G = Mean time per level.
                   A        B        C        D        E       F      G
               +--------+--------+--------+--------+--------+-----+--------+
         Total |   3225 |   3089 |    136 |    104 |   2410 |   3 | 1075.0 |
       Dungeon |   3225 |   3089 |    136 |    104 |   2410 |   3 | 1075.0 |
               +--------+--------+--------+--------+--------+-----+--------+

Top non-repeatable levels by time:
     D:1: 1627 daAuts
     D:2: 1205 daAuts
     D:3: 393 daAuts
